 Dungeon Crawl Stone Soup version 0.31.0-32-g396128a36d (webtiles) character file.

Game seed: 99886037290098740

106 monsoonserge the Ruffian (level 4, -1/32 HPs)
             Began as a Gnoll Shapeshifter on Mar 9, 2024.
             Slain by a sleepcap (8 damage)
             ... on level 4 of the Dungeon.
             The game lasted 00:03:46 (1408 turns).

monsoonserge the Ruffian (Gnoll Shapeshifter)       Turns: 1408, Time: 00:03:46

Health: -1/32      AC:  2    Str: 15    XL:     4   Next: 84%
Magic:  5/5        EV: 17    Int:  9    God:
Gold:   196        SH:  0    Dex: 12    Spells: 5/5 levels left

rFire   . .          .
                       - Unarmed
rCold   . . .        (shield currently unavailable)
rNeg    . . .        g - melded +0 ring mail
rPois   .            (no helmet)
rElec   .            q - +0 cloak
rCorr   .            o - +0 pair of gloves
SInv    .            (no boots)
Will    .....        (no amulet)
Stlth   +            (no ring)
HPRegen 0.25/turn    (no ring)
MPRegen 0.09/turn

%: no passive effects
@: lethally poisoned (-1 -> -1), flux-form, glowing
A: glow, contaminating, reduced hp, fangs 1, strong nose, distributed training
a: Begin Untransformation


You were on level 4 of the Dungeon.
You were something dangerously unstable.
You visited 1 branch of the dungeon, and saw 4 of its levels.

You collected 196 gold pieces.

Inventory:

Missiles
 l - 2 poisoned darts (quivered)
Armour
 a - a +0 animal skin
 g - a +0 ring mail (melded)
 o - a +0 pair of gloves (worn)
 q - a +0 cloak (worn)
Jewellery
 f - a ring of ice
Talismans
 c - a beast talisman
 d - a flux talisman (active)
Scrolls
 e - a scroll of immolation
 i - 3 scrolls of amnesia
 j - a scroll of enchant armour
Potions
 b - a potion of lignification
 h - a potion of attraction
 k - 2 potions of brilliance {unknown}
 m - a potion of curing
 n - a potion of resistance {unknown}


   Skills:
 + Level 2.8 Fighting
 + Level 1.3 Short Blades
 + Level 1.3 Long Blades
 + Level 1.3 Axes
 + Level 1.3 Maces & Flails
 + Level 1.3 Polearms
 + Level 1.3 Staves
 + Level 1.3 Ranged Weapons
 + Level 1.3 Throwing
 + Level 1.3 Armour
 + Level 4.7 Dodging
 + Level 1.3 Stealth
 + Level 1.3 Shields
 + Level 6.6 Unarmed Combat
 + Level 1.3 Spellcasting
 + Level 1.0 Conjurations
 + Level 1.0 Hexes
 + Level 1.0 Summonings
 + Level 1.0 Necromancy
 + Level 1.0 Translocations
 + Level 1.0 Fire Magic
 + Level 1.0 Ice Magic
 + Level 1.0 Air Magic
 + Level 1.0 Earth Magic
 + Level 1.0 Alchemy
 + Level 1.4 Invocations
 + Level 1.3 Evocations
 + Level 6.6 Shapeshifting


You had 5 spell levels left.
You didn't know any spells.
Your spell library was empty.

Dungeon Overview and Level Annotations

Branches:
Dungeon (4/15)
 Temple: D:4-7

Altars:

Annotations:
D:3 Grinder


Innate Abilities, Weirdness & Mutations

You are something dangerously unstable.
You glow with magical radiation, making you easy to see and hit.
Foes you strike become dangerously contaminated with magical radiation.
Your maximum health is decreased, since you lack skill for your form.
You are incapable of wielding weapons or throwing items.
You have very sharp teeth.
Your uncanny sense of smell can sniff out nearby items.
Your experience applies equally to all skills.


Message History

The scorpion completely misses you. The sleepcap barely misses you.
You feel very sick.
You barely miss the scorpion.
The scorpion is moderately wounded.
You feel sick. The scorpion misses you. The scorpion closely misses you.
You completely miss the scorpion.
The scorpion is moderately wounded.
You feel sick. The scorpion closely misses you.
You hit the scorpion.
The scorpion glows dangerously bright.
The scorpion is severely wounded.
You feel sick. The scorpion stings you.
You hit the scorpion but do no damage.
The scorpion shudders as magic cascades through it!!
You kill the scorpion!
You feel sick.
Your Conjurations skill increases to level 1!
Your Hexes skill increases to level 1!
Your Summonings skill increases to level 1!
Your Necromancy skill increases to level 1!
Your Translocations skill increases to level 1!
Your Fire Magic skill increases to level 1!
Your Ice Magic skill increases to level 1!
Your Air Magic skill increases to level 1!
Your Earth Magic skill increases to level 1!
Your Alchemy skill increases to level 1!
You have reached level 4!
You feel agile.
Unknown command.
You are too injured to fight recklessly!
You are too injured to fight recklessly!
You are too injured to fight recklessly!
You are too injured to fight recklessly!
You are too injured to fight recklessly!
You hit the sleepcap but do no damage.
The sleepcap begins to glow.
You feel sick. The sleepcap closely misses you.
You completely miss the sleepcap.
You feel sick.
You hit the sleepcap.
The sleepcap glows dangerously bright.
The sleepcap is lightly damaged.
You feel sick. The sleepcap releases spores at you!
You die...

#######################.
........................
###.....#######p..####
#.....##### #f#.#
#..<.........†# .#
#.....####..... #
####### ........
#.##....... # #.......#
#.......# #.......#


You could see a sleepcap (heavy contam).

Vanquished Creatures
  A scorpion (D:4)
  An adder (D:2)
  2 dart slugs
  An endoplasm (D:1)
  7 goblins
  2 hobgoblins (D:1)
  5 kobolds
  2 quokkas
  5 ball pythons
  4 bats
  3 frilled lizards
  3 rats
36 creatures vanquished.

Notes
Turn   | Place    | Note
-------+----------+-------------------------------------------
     0 | D:1      | monsoonserge the Gnoll Shapeshifter began the quest for the
                  | Orb.
     0 | D:1      | Reached XP level 1. HP: 17/17 MP: 1/1
   193 | D:1      | Reached XP level 2. HP: 23/23 MP: 2/2
   584 | D:2      | Reached XP level 3. HP: 28/28 MP: 3/3
   767 | D:2      | Reached skill level 1 in Invocations
  1025 | D:2      | Reached skill level 1 in Short Blades
  1025 | D:2      | Reached skill level 1 in Long Blades
  1025 | D:2      | Reached skill level 1 in Axes
  1025 | D:2      | Reached skill level 1 in Maces & Flails
  1025 | D:2      | Reached skill level 1 in Polearms
  1025 | D:2      | Reached skill level 1 in Staves
  1025 | D:2      | Reached skill level 1 in Ranged Weapons
  1025 | D:2      | Reached skill level 1 in Throwing
  1025 | D:2      | Reached skill level 1 in Armour
  1025 | D:2      | Reached skill level 1 in Stealth
  1025 | D:2      | Reached skill level 1 in Shields
  1025 | D:2      | Reached skill level 1 in Spellcasting
  1025 | D:2      | Reached skill level 1 in Evocations
  1375 | D:3      | Noticed Grinder
  1394 | D:4      | Noticed a scorpion
  1405 | D:4      | Killed a scorpion
  1406 | D:4      | Reached skill level 1 in Conjurations
  1406 | D:4      | Reached skill level 1 in Hexes
  1406 | D:4      | Reached skill level 1 in Summonings
  1406 | D:4      | Reached skill level 1 in Necromancy
  1406 | D:4      | Reached skill level 1 in Translocations
  1406 | D:4      | Reached skill level 1 in Fire Magic
  1406 | D:4      | Reached skill level 1 in Ice Magic
  1406 | D:4      | Reached skill level 1 in Air Magic
  1406 | D:4      | Reached skill level 1 in Earth Magic
  1406 | D:4      | Reached skill level 1 in Alchemy
  1406 | D:4      | Reached XP level 4. HP: 10/34 MP: 5/5
  1408 | D:4      | Slain by a sleepcap

Illustrated notes

Levels and vault maps discovered:
D:1:      roderic_chinese_lattice_arrival, layout_basic,
          minmay_gold_behind_fungi, minmay_misc_feat_encased
D:2:      layout_loops_corners
D:3:      layout_loops_ring, uniq_pargi, uniq_grinder, uniq_terence
D:4:      layout_basic, mainiacjoe_overflow_paths,
          mainiacjoe_overflow_tiny_flanked, amcnicky_altar_gilded, serial_shops,
          shop

Skill      XL: |  1  2  3 |
---------------+----------+-----
Invocations    | 1 |  1.4
Short Blades   | 1 |  1.3
Long Blades    | 1 |  1.3
Axes           | 1 |  1.3
Maces & Flails | 1 |  1.3
Polearms       | 1 |  1.3
Staves         | 1 |  1.3
Ranged Weapons | 1 |  1.3
Throwing       | 1 |  1.3
Armour         | 1 |  1.3
Stealth        | 1 |  1.3
Shields        | 1 |  1.3
Spellcasting   | 1 |  1.3
Evocations     | 1 |  1.3
Conjurations   | 1 |  1.0
Hexes          | 1 |  1.0
Summonings     | 1 |  1.0
Necromancy     | 1 |  1.0
Translocations | 1 |  1.0
Fire Magic     | 1 |  1.0
Ice Magic      | 1 |  1.0
Air Magic      | 1 |  1.0
Earth Magic    | 1 |  1.0
Alchemy        | 1 |  1.0
Fighting       | |  2.8
Dodging        | |  4.7
Unarmed Combat | |  6.6
Shapeshifting  | |  6.6

Action                     |  1- 3 |  4- 6 || total
---------------------------+-------+-------++-------
  Melee: Unarmed           |    82 |     3 ||    85
         Bite              |     5 |       ||     5
    Use: Scroll            |     5 |       ||     5
 Armour: Ring mail         |    19 |       ||    19
         Animal skin       |     2 |       ||     2
         Skin              |     5 |     1 ||     6
  Dodge: Dodged            |    44 |     1 ||    45
   Form: Flux              |     2 |       ||     2
         Beast             |     1 |       ||     1
